 Dungeon Crawl Stone Soup version 0.31-a0-175-g9f7f995f2b (webtiles) character file.

Game seed: 1414224380412745564

596 qw the Shooter (level 7, -4/64 HPs)
             Began as a Naga Hunter on June 16, 2023.
             Killed by divine providence
             ... invoked by an orc priest
              (12 damage)
             ... on level 5 of the Dungeon.
             The game lasted 00:01:07 (4855 turns).

qw the Shooter (Naga Hunter)                        Turns: 4855, Time: 00:01:07

Health: -4/64      AC:  4    Str: 16    XL:     7   Next: 40%
Magic:  7/7        EV: 10    Int: 10    God:
Gold:   239        SH:  0    Dex: 16    Spells: 6/6 levels left

rFire   . . .        b - +0 shortbow of the Hurling Sybil {heavy, rC+ Str+3}
rCold   + . .        (shield currently unavailable)
rNeg    . . .        c - +0 leather armour
rPois   +            (no helmet)
rElec   .            (no cloak)
rCorr   .            j - +0 pair of gloves
SInv    +            (no barding)
Will    .....        (no amulet)
Stlth   ++           (no ring)
HPRegen 0.30/turn    (no ring)
MPRegen 0.10/turn

%: no passive effects
@: short of breath, very slow
A: AC +2, large, see invisible, deformed body, poison resistance, slowness 2,
spit poison 1, naga tail 1
a: Spit Poison


You were on level 5 of the Dungeon.
You visited 1 branch of the dungeon, and saw 5 of its levels.

You collected 239 gold pieces.


Innate Abilities, Weirdness & Mutations

Your serpentine skin is tough. (AC +2)
You have supernaturally acute eyesight. (SInv)
Armour fits poorly on your strangely shaped body.
Your system is resistant to poisons. (rPois)
You cover ground very slowly.
You can spit poison.
You have a snake-like lower body.


   Skills:
 - Level 4.2 Fighting
 - Level 7.0 Ranged Weapons
 + Level 1.9 Dodging
 - Level 1.5 Stealth


You had 6 spell levels left.
You didn't know any spells.
Your spell library was empty.

Inventory:

Hand Weapons
 b - the +0 shortbow of the Hurling Sybil (weapon) {heavy, rC+ Str+3}
   (You acquired it on level 4 of the Dungeon)

   Str:       It affects your strength (+3).
   rC:        It protects you from cold.
Armour
 c - a +0 leather armour (worn)
 j - a +0 pair of gloves (worn)
Jewellery
 g - a ring of willpower
Scrolls
 a - 2 scrolls of identify
Potions
 d - 2 potions of heal wounds {unknown}
 e - a potion of ambrosia {unknown}
 f - 2 potions of curing
 i - a potion of haste

Dungeon Overview and Level Annotations

Branches:
Dungeon (5/15)
 Temple: D:4-7

Altars:
Gozag
Kikubaaqudgha
Sif Muna
Trog
Vehumet
Xom


Message History

You shoot an arrow. The arrow hits the centaur!
You kill the centaur!
You kill the orc!
An orc priest comes into view. It is wielding a +0 flail.
The orc completely misses you.
Your Ranged Weapons skill increases to level 7!
You shoot an arrow.
The arrow hits the orc but does no damage.
You have got your breath back.
The orc closely misses you. The orc hits you but does no damage.
4850 ||| INVOKING Spit Poison.
Aiming: Spit Poison (1% risk of failure)
Press: ? - help, Shift-Dir - straight line, f/p - orc The splash of poison hits the orc.
The orc is poisoned.
The orc is heavily wounded.
The orc hits you with a +0 mace.
You shoot an arrow. The arrow hits the orc!
You kill the orc!
You shoot an arrow. The arrow hits the orc priest.
The orc priest is moderately wounded.
The orc priest hits you with a +0 club.
An orc comes into view. It is wielding a +0 hand axe.
The orc priest hits you with a +0 club.
The orc moves out of view.
You shoot an arrow. The arrow hits the orc priest.
The orc priest is severely wounded.
The orc priest closely misses you. The orc priest hits you with a +0 club.
You shoot an arrow. The arrow hits the orc priest!
You kill the orc priest!
You have got your breath back.
The orc priest calls down the wrath of Beogh upon you.
Beogh smites you!
4855 ||| INVOKING Spit Poison.
Aiming: Spit Poison (1% risk of failure)
Press: ? - help, Shift-Dir - straight line, f - orc priest The splash of poison hits the orc priest!
The orc priest is poisoned.
The orc priest is severely wounded.
The orc priest calls down the wrath of Beogh upon you.
Beogh smites you!
You die...

....##.....#.#.#.#.....#.#
.........#.#.#.#.#.....#.#
...##....<.....#.#...#.#.#
...##..........#.#.#.#.#.#
#####
+...........#.#.###.#.####....
##.........<#.#............##.
.....####.#.#.#####.##.######.
##.#. #.#...................
...#. #.###@#####....#######
#. #.. #)# ######
......oo.......
###.....####### #o#.### # #.
#. #


You could see an orc priest (poisoned) and an orc.

Vanquished Creatures
  An ice beast (D:5)
  An ogre (D:4)
  A centaur (D:5)
  An orc priest (D:5)
  2 hounds
  5 orc wizards (D:4)
  A gnoll (D:1)
  3 adders
  An ufetubus (D:5)
  2 dart slugs
  3 orcs (D:5)
  10 ball pythons
  4 bats
  7 endoplasms
  A giant cockroach (D:3)
  10 goblins
  4 hobgoblins
  2 jackals (D:2)
  4 quokkas
  2 frilled lizards
  11 kobolds
  A rat (D:1)
77 creatures vanquished.

Notes
Turn   | Place    | Note
-------+----------+-------------------------------------------
     0 | D:1      | qw the Naga Hunter began the quest for the Orb.
     0 | D:1      | Reached XP level 1. HP: 19/19 MP: 1/1
     0 | D:1      | 0 ||| qw: Version: 0.2-a-29-g511e9b1
     0 | D:1      | 0 ||| qw: Game counter: 5942
     0 | D:1      | 0 ||| qw: Always use a shield: true
     0 | D:1      | 0 ||| qw: God list: Okawaru
     0 | D:1      | 0 ||| qw: Allow faded altars: false
     0 | D:1      | 0 ||| qw: Do Orc after D:15 true
     0 | D:1      | 0 ||| qw: Do second Lair branch before Depths: true
     0 | D:1      | 0 ||| qw: Lair rune preference: random
     0 | D:1      | 0 ||| qw: Plans: Normal
     0 | D:1      | 0 ||| PLANNING D:1-11
    61 | D:1      | 61 ||| INVOKING Spit Poison.
    76 | D:1      | 76 ||| INVOKING Spit Poison.
    94 | D:1      | 94 ||| INVOKING Spit Poison.
    98 | D:1      | Reached skill level 4 in Ranged Weapons
    98 | D:1      | Reached XP level 2. HP: 16/26 MP: 2/2
   166 | D:1      | 166 ||| INVOKING Spit Poison.
   172 | D:1      | 172 ||| INVOKING Spit Poison.
   191 | D:1      | 191 ||| INVOKING Spit Poison.
   224 | D:1      | 224 ||| INVOKING Spit Poison.
   256 | D:1      | 256 ||| INVOKING Spit Poison.
   258 | D:1      | Reached XP level 3. HP: 32/32 MP: 3/3
   280 | D:1      | 280 ||| INVOKING Spit Poison.
   357 | D:1      | 357 ||| INVOKING Spit Poison.
   522 | D:1      | 522 ||| INVOKING Spit Poison.
   529 | D:1      | 529 ||| INVOKING Spit Poison.
   549 | D:1      | 549 ||| INVOKING Spit Poison.
   634 | D:1      | 634 ||| INVOKING Spit Poison.
   894 | D:1      | 894 ||| READING 3 scrolls labelled CUPPIO EBLU.
   895 | D:1      | 895 ||| READING scroll labelled PYAHEUN GIESUPP.
   896 | D:1      | 896 ||| READING scroll labelled WUOPPUEJIM.
   899 | D:1      | 899 ||| DRINKING 2 black potions.
   937 | D:1      | 937 ||| READING 2 scrolls of identify.
   937 | D:1      | 937 ||| IDENTIFYING blue potion
   938 | D:1      | 938 ||| DROPPING scroll of butterflies.
   939 | D:1      | 939 ||| DROPPING potion of lignification.
   969 | D:2      | 969 ||| INVOKING Spit Poison.
   985 | D:2      | 985 ||| INVOKING Spit Poison.
  1181 | D:2      | 1181 ||| INVOKING Spit Poison.
  1214 | D:2      | 1214 ||| INVOKING Spit Poison.
  1217 | D:2      | 1217 ||| INVOKING Spit Poison.
  1326 | D:2      | 1326 ||| INVOKING Spit Poison.
  1393 | D:2      | 1393 ||| INVOKING Spit Poison.
  1545 | D:2      | 1545 ||| INVOKING Spit Poison.
  1701 | D:2      | 1701 ||| INVOKING Spit Poison.
  1738 | D:2      | 1738 ||| INVOKING Spit Poison.
  1743 | D:2      | 1743 ||| INVOKING Spit Poison.
  1785 | D:2      | Reached skill level 5 in Ranged Weapons
  1785 | D:2      | Reached XP level 4. HP: 39/39 MP: 4/4
  1862 | D:2      | 1862 ||| READING scroll labelled ZESOTU TOYLA.
  1863 | D:2      | 1863 ||| READING scroll labelled FAFELO ZUENI.
  1864 | D:2      | 1864 ||| DRINKING 2 metallic grey potions.
  1865 | D:2      | 1865 ||| READING 2 scrolls of identify.
  1865 | D:2      | 1865 ||| IDENTIFYING brown potion
  1866 | D:2      | 1866 ||| DROPPING potion of degeneration.
  1903 | D:3      | 1903 ||| INVOKING Spit Poison.
  1906 | D:3      | 1906 ||| STAIRDANCE
  1908 | D:2      | 1908 ||| INVOKING Spit Poison.
  1943 | D:3      | 1943 ||| INVOKING Spit Poison.
  1978 | D:3      | 1978 ||| INVOKING Spit Poison.
  2007 | D:3      | 2007 ||| INVOKING Spit Poison.
  2100 | D:3      | 2100 ||| INVOKING Spit Poison.
  2204 | D:3      | Found an opulent altar of Gozag.
  2323 | D:3      | 2323 ||| INVOKING Spit Poison.
  2358 | D:3      | 2358 ||| INVOKING Spit Poison.
  2361 | D:3      | 2361 ||| INVOKING Spit Poison.
  2510 | D:3      | 2510 ||| INVOKING Spit Poison.
  2517 | D:3      | 2517 ||| INVOKING Spit Poison.
  2578 | D:3      | 2578 ||| INVOKING Spit Poison.
  2660 | D:3      | Found a shimmering altar of Xom.
  2748 | D:3      | 2748 ||| DRINKING 2 bubbling brown potions.
  2749 | D:3      | 2749 ||| READING 2 scrolls of identify.
  2749 | D:3      | 2749 ||| IDENTIFYING dark potion
  2750 | D:3      | 2750 ||| DROPPING potion of berserk rage.
  2751 | D:3      | 2751 ||| DROPPING potion of enlightenment.
  2815 | D:4      | 2815 ||| INVOKING Spit Poison.
  2839 | D:4      | 2839 ||| INVOKING Spit Poison.
  2840 | D:4      | 2840 ||| INVOKING Spit Poison.
  2846 | D:4      | 2846 ||| INVOKING Spit Poison.
  2847 | D:4      | Reached skill level 3 in Fighting
  3263 | D:4      | 3263 ||| INVOKING Spit Poison.
  3337 | D:4      | 3337 ||| INVOKING Spit Poison.
  3340 | D:4      | Reached XP level 5. HP: 49/49 MP: 5/5
  3407 | D:4      | Found a shimmering blue altar of Sif Muna.
  3408 | D:4      | 3408 ||| INVOKING Spit Poison.
  3413 | D:4      | 3413 ||| INVOKING Spit Poison.
  3416 | D:4      | 3416 ||| INVOKING Spit Poison.
  3419 | D:4      | 3419 ||| INVOKING Spit Poison.
  3472 | D:4      | Found an ancient bone altar of Kikubaaqudgha.
  3473 | D:4      | 3473 ||| INVOKING Spit Poison.
  3476 | D:4      | 3476 ||| INVOKING Spit Poison.
  3479 | D:4      | Reached skill level 6 in Ranged Weapons
  3479 | D:4      | Reached XP level 6. HP: 55/56 MP: 6/6
  3486 | D:4      | Found a radiant altar of Vehumet.
  3488 | D:4      | 3488 ||| INVOKING Spit Poison.
  3610 | D:4      | 3610 ||| INVOKING Spit Poison.
  3904 | D:4      | 3904 ||| INVOKING Spit Poison.
  3907 | D:4      | 3907 ||| INVOKING Spit Poison.
  3910 | D:4      | HP: 11/56 [ogre/+0 giant spiked club (20)]
  3911 | D:4      | 3911 ||| READING scroll of teleportation.
  3912 | D:4      | 3912 ||| INVOKING Spit Poison.
  3913 | D:4      | HP: 5/56 [ogre/+0 giant spiked club (7)]
  4318 | D:4      | 4318 ||| INVOKING Spit Poison.
  4323 | D:4      | 4323 ||| INVOKING Spit Poison.
  4324 | D:4      | HP: 3/56 [ogre/+0 giant spiked club (23)]
  4574 | D:4      | 4574 ||| UPGRADING to +0 pair of gloves.
  4579 | D:4      | 4579 ||| DROPPING +6 ring of intelligence.
  4580 | D:4      | 4580 ||| READING scroll labelled QYRIAW SEXIY.
  4580 | D:4      | Identified a scroll of acquirement
  4580 | D:4      | 4580 ||| ACQUIRING +0 shortbow of the Hurling Sybil {heavy,
                  | rC+ Str+3}
  4580 | D:4      | Acquired the +0 shortbow of the Hurling Sybil {heavy, rC+
                  | Str+3}
  4582 | D:4      | 4582 ||| UPGRADING to +0 shortbow of the Hurling Sybil
                  | {heavy, rC+ Str+3}.
  4583 | D:4      | 4583 ||| DROPPING +0 shortbow.
  4584 | D:4      | 4584 ||| READING scroll labelled FACSAD YTOTOL.
  4585 | D:4      | 4585 ||| READING scroll labelled CUHOEM TIWUSHI.
  4603 | D:5      | Entered Level 5 of the Dungeon
  4637 | D:5      | Found a bloodstained altar of Trog.
  4638 | D:5      | 4638 ||| INVOKING Spit Poison.
  4641 | D:5      | 4641 ||| INVOKING Spit Poison.
  4699 | D:5      | 4699 ||| INVOKING Spit Poison.
  4712 | D:5      | Noticed an ice beast
  4716 | D:5      | Killed an ice beast
  4717 | D:5      | Reached XP level 7. HP: 64/64 MP: 7/7
  4783 | D:5      | 4783 ||| INVOKING Spit Poison.
  4842 | D:5      | 4842 ||| Stepping ~*~*~tactically~*~*~ (outnumbered).
  4843 | D:5      | 4843 ||| INVOKING Spit Poison.
  4847 | D:5      | 4847 ||| INVOKING Spit Poison.
  4849 | D:5      | Reached skill level 7 in Ranged Weapons
  4850 | D:5      | 4850 ||| INVOKING Spit Poison.
  4854 | D:5      | HP: 7/64 [orc priest/divine providence (11)]
  4855 | D:5      | 4855 ||| INVOKING Spit Poison.
  4855 | D:5      | Killed from afar by an orc priest

Levels and vault maps discovered:
D:1:      giann_forest_graveyard, layout_loops_corners, minivault_24,
          minmay_tromino_mix6
D:2:      layout_loops_corners, nicolae_elevator_lobby_asterisk
D:3:      layout_basic, mainiacjoe_overflow_big_doors, serial_curves,
          eino_curves_03, eino_curves_02, dk_vineyard_1,
          small_statue_intersection
D:4:      cheibrodos_old_hovel, layout_basic, palyth_temple_overflow_mages
D:5:      layout_basic, bloody_trog

Skill      XL: |  1  2  3  4  5  6  7 |
---------------+----------------------+-----
Ranged Weapons | 4 5 6 7 |  7.0
Fighting       | 3 4 |  4.2
Dodging        | |  1.9
Stealth        | |  1.5

Action                     |  1- 3 |  4- 6 |  7- 9 || total
---------------------------+-------+-------+-------++-------
   Fire: Shortbow          |    57 |    69 |    10 ||   136
Ability: Spit Poison       |    25 |    33 |     5 ||    63
    Use: Scroll            |     4 |     8 |       ||    12
         Potion            |     1 |     2 |       ||     3
 Armour: Leather armour    |     4 |    10 |     6 ||    20
  Dodge: Dodged            |    12 |    18 |    10 ||    40

Table legend:
 A = Non-vault XP
 B = Vault XP
 C = Vault XP percentage of total XP
 D = Non-vault monster count
 E = Vault monster count
 F = Vault count percentage of total count
                 A         B        C        D         E       F
            +---------+---------+-------+---------+---------+-------
      Total |     672 |     180 |  21.1 |      70 |       7 |   9.1
            +---------+---------+-------+---------+---------+-------
        D:1 |      53 |       1 |   1.9 |      22 |       1 |   4.3
        D:2 |      30 |       0 |   0.0 |      17 |       0 |   0.0
        D:3 |      44 |       0 |   0.0 |      13 |       0 |   0.0
        D:4 |     189 |     179 |  48.6 |       9 |       6 |  40.0
        D:5 |     356 |       0 |   0.0 |       9 |       0 |   0.0
            +---------+---------+-------+---------+---------+-------
